 Dungeon Crawl Stone Soup version 0.24-a0-699-g5a66b1aa3b (webtiles) character file.

Game seed: 16077350752200588998, levelgen mode: deterministic

835 MisterOstroum the Vexing (level 8, -6/56 HPs)
             Began as a Human Enchanter on Sept 28, 2019.
             Was an Initiate of Okawaru.
             Killed by divine providence
             ... invoked by a smoke demon
             ... created by the fury of Makhleb
              (14 damage)
             ... on level 5 of the Dungeon.
             The game lasted 00:14:00 (5902 turns).

MisterOstroum the Vexing (Human Enchanter)          Turns: 5902, Time: 00:14:01

Health: -6/56      AC: 13    Str:  8    XL:     8   Next: 19%
Magic:  11/11      EV:  0    Int: 18    God:    Okawaru [......]
Gold:   191        SH:  0    Dex: 14    Spells: 5/11 levels left

rFire    . . .     SeeInvis .   b - +0 hunting sling
rCold    . . .     Gourm    .   (no shield)
rNeg     . . .     Faith    .   r - +0 plate armour
rPois    +         Spirit   .   l - +0 helmet
rElec    .         Reflect  .   u - +0 cloak
rCorr    .         Harm     .   (no gloves)
MR       .....                  (no boots)
Stlth    ..........             (no amulet)
HPRegen  0.18/turn              p - ring of poison resistance
MPRegen  0.12/turn              (no ring)

@: no status effects
A: no striking features
a: Renounce Religion


You were on level 5 of the Dungeon.
You worshipped Okawaru.
Okawaru was noncommittal.
You were near starving.

You visited 2 branches of the dungeon, and saw 6 of its levels.

You collected 191 gold pieces.

Inventory:

Hand Weapons
 a - a +5 short sword
 b - a +0 hunting sling (weapon)
 B - a +0 bardiche
 C - a +0 morningstar
Missiles
 d - 11 poisoned darts
 f - 56 sling bullets (quivered)
 k - 163 stones
Armour
 l - a +0 helmet (worn)
 m - a +0 robe
 r - a +0 plate armour (worn)
 u - a +0 cloak (worn)
 v - a +0 shield
Jewellery
 p - a ring of poison resistance (left hand)
Scrolls
 c - 4 scrolls of identify {unknown}
 g - 3 scrolls of remove curse {unknown}
 h - 2 scrolls of amnesia {unknown}
 j - 3 scrolls of teleportation {unknown}
 o - a scroll of enchant weapon {unknown}
 s - a scroll of noise {unknown}
 t - a scroll of enchant armour {unknown}
 w - a scroll of blinking {unknown}
 x - 2 scrolls of fog {unknown}
 y - a scroll of immolation {unknown}
 A - a scroll of magic mapping {unknown}
Potions
 i - a potion of agility {@q5 !q}
 n - a potion of curing {@q1 !q}
 q - a potion of degeneration {unknown}
 z - a potion of haste {@q4 !q}
Comestibles
 e - 6 rations


   Skills:
 - Level 2.0 Fighting
 - Level 2.7 Short Blades
 + Level 3.9 Slings
 + Level 1.9 Armour
 - Level 2.0 Dodging
 - Level 5.0 Stealth
 - Level 2.0 Spellcasting
 - Level 5.0 Hexes
 - Level 2.6 Ice Magic


You had 5 spell levels left.
You knew the following spells:

 Your Spells              Type           Power        Failure   Level  Hunger
a - Corona                Hex            ###....      100%        1    #......
b - Ensorcelled Hibernat  Hex/Ice        ###...       100%        2    ###....
c - Confuse               Hex            ###.....     100%        3    ###....

Your spell library contained the following spells:

 Spells                   Type           Power        Failure   Level  Hunger
 Dazzling Spray           Conj/Hex       ##....       100%        3    ###....
 Tukima's Dance           Hex            ###.....     100%        3    ###....


Dungeon Overview and Level Annotations

Branches:
Dungeon (5/15)             Temple (1/1) D:5

Altars:
Kikubaaqudgha
Makhleb
Okawaru
Zin
The Shining One

Shops:
D:4 :

Annotations:
D:4 3 runed translucent doors, Bikalo's ghost, amateur NaWr; Coffinworm's ghost, amateur DrTm


Message History

3 sling bullets; an arrow Firing (i - inventory. (/) - cycle)
f - 64 sling bullets (quivered)
Press: ? - help, Shift-Dir - straight line, f/p - centaur
Aim: a centaur (lightly wounded)
You shoot a sling bullet.
The sling bullet closely misses the centaur.
The centaur hits you.
The centaur hits you but does no damage.
Firing (i - inventory. (/) - cycle)
f - 63 sling bullets (quivered)
Press: ? - help, Shift-Dir - straight line, f/p - centaur
Aim: a centaur (lightly wounded)
You shoot a sling bullet. The sling bullet hits the centaur.
The centaur is lightly wounded.
The centaur hits you but does no damage.
The centaur hits you.
Firing (i - inventory. (/) - cycle)
f - 62 sling bullets (quivered)
Press: ? - help, Shift-Dir - straight line, f/p - centaur
Aim: a centaur (lightly wounded)
You shoot a sling bullet.
The sling bullet hits the centaur but does no damage.
The centaur is lightly wounded.
The centaur hits you but does no damage.
Firing (i - inventory. (/) - cycle)
f - 61 sling bullets (quivered)
Press: ? - help, Shift-Dir - straight line, f/p - centaur
Aim: a centaur (lightly wounded)
You shoot a sling bullet. The sling bullet hits the centaur.
The centaur is moderately wounded.
The centaur hits you but does no damage. x2
Firing (i - inventory. (/) - cycle)
f - 60 sling bullets (quivered)
Press: ? - help, Shift-Dir - straight line, f/p - centaur
Aim: a centaur (moderately wounded)
You shoot a sling bullet. The sling bullet hits the centaur!
The centaur is severely wounded.
The centaur hits you.
Firing (i - inventory. (/) - cycle)
f - 59 sling bullets (quivered)
Press: ? - help, Shift-Dir - straight line, f/p - centaur
Aim: a centaur (severely wounded)
You shoot a sling bullet. The sling bullet hits the centaur.
The centaur is severely wounded.
The centaur hits you but does no damage. x2
Firing (i - inventory. (/) - cycle)
f - 58 sling bullets (quivered)
Press: ? - help, Shift-Dir - straight line, f/p - centaur
Aim: a centaur (severely wounded)
You shoot a sling bullet. The sling bullet hits the centaur.
The centaur is almost dead.
The centaur completely misses you.
The centaur hits you but does no damage.
Firing (i - inventory. (/) - cycle)
f - 57 sling bullets (quivered)
Press: ? - help, Shift-Dir - straight line, f/p - centaur
Aim: a centaur (severely wounded)
You shoot a sling bullet. The sling bullet hits the centaur!
You kill the centaur!
Okawaru accepts your kill.
No target in view!
No target in view!
No target in view!
You are near starving!
Makhleb sends minions to punish you. The divine experience confuses you!
You are confused. 2 smoke demons come into view.
There are monsters nearby!
There are monsters nearby!
You bump into the rock wall.
You bump into the rock wall.
Unknown command.
You're too confused to move!
The smoke demon gestures at you. The sticky flame hits you.
You are covered in liquid flames!
Your plate armour prevents you from hitting the smoke demon.
You are covered in liquid flames!
The smoke demon gestures at you. The sticky flame hits you.
You are covered in liquid flames!
The smoke demon hits you but does no damage. x4
The smoke demon hits you.
The smoke demon hits you but does no damage.
You are covered in liquid flames!
You bump into the rock wall.
You are covered in liquid flames!
You feel less confused.
The smoke demon hits you but does no damage. x3
Press: ? - help, v - describe, . - travel
Here: a smoke demon (durably summoned)
The floor, spattered with blood.
You are covered in liquid flames!
You are covered in liquid flames!
There is an open door here.
You are covered in liquid flames!
The smoke demon gestures at you. The ball of steam hits you.
* * * LOW HITPOINT WARNING * * *
There is a staircase to the Ecumenical Temple here.
You are engulfed in a cloud of scalding steam.
* * * LOW HITPOINT WARNING * * *
You are covered in liquid flames!
* * * LOW HITPOINT WARNING * * *
The smoke demon gestures at you. Makhleb smites you!
You die...

#.....# ....
#########.#.##.....
#.....###.#.......#
#..........<...##.#
#.........(...##
#.....(.###+###
#.......#.....#
#.....#.#.###.#
#.....#.'.ยง@#.+
#.....###3###.#
#.....# #3..(.#
####### ###(###
#)....... .(#......
..##...... ###
..... .....


You could see 2 smoke demons.

Vanquished Creatures
  Grinder (D:4)
  An ogre (D:4)
  2 centaurs (D:5)
  A big kobold (D:4)
  3 iron imps (D:4)
  An orc wizard (D:3)
  A hound (D:4)
  Ijyb (D:4)
  A worker ant (D:4)
  5 adders
  An ooze (D:1)
  An adder zombie (D:5)
  4 worms
  4 leopard geckos
  9 orcs
  2 ball pythons
  6 giant cockroaches
  7 hobgoblins
  2 jackals (D:4)
  2 quokkas (D:3)
  6 bats
  8 frilled lizards
  6 goblins
  3 kobolds
  6 rats
  2 plants (D:3)
86 creatures vanquished.

Vanquished Creatures (others)
  A plant (D:3)
1 creature vanquished.

Grand Total: 87 creatures vanquished

Notes
Turn   | Place    | Note
-------+----------+-------------------------------------------
     0 | D:1      | MisterOstroum the Human Enchanter began the quest for the
                  | Orb.
     0 | D:1      | Reached XP level 1. HP: 13/13 MP: 3/3
    55 | D:1      | Reached skill level 1 in Fighting
    63 | D:1      | Reached XP level 2. HP: 12/21 MP: 3/5
   243 | D:1      | Learned a level 2 spell: Ensorcelled Hibernation
  1206 | D:2      | Reached XP level 3. HP: 27/27 MP: 6/6
  1642 | D:3      | Reached skill level 1 in Slings
  1675 | D:3      | Noticed a phantom
  1921 | D:3      | Reached XP level 4. HP: 33/33 MP: 7/7
  1933 | D:3      | Learned a level 3 spell: Confuse
  2799 | D:3      | Reached XP level 5. HP: 38/38 MP: 5/8
  2922 | D:3      | Reached skill level 1 in Ice Magic
  3685 | D:4      | Found Foum Por's Book Boutique.
  3751 | D:4      | Noticed a big kobold
  3770 | D:4      | Killed a big kobold
  3770 | D:4      | Reached XP level 6. HP: 32/44 MP: 7/9
  3782 | D:4      | Noticed a phantom
  4166 | D:4      | Noticed Bikalo's ghost (amateur NaWr)
  4166 | D:4      | Noticed Coffinworm's ghost (amateur DrTm)
  4167 | D:4      | Found a runed translucent gate.
  4167 | D:4      | Found a runed translucent gate.
  4167 | D:4      | Found a runed translucent gate.
  4398 | D:4      | Noticed Grinder
  4429 | D:4      | Killed Grinder
  4429 | D:4      | Reached skill level 5 in Hexes
  4429 | D:4      | Reached XP level 7. HP: 50/50 MP: 2/10
  4444 | D:4      | Reached skill level 5 in Stealth
  4445 | D:4      | Found a burning altar of Makhleb.
  4753 | D:4      | Became a worshipper of Makhleb the Destroyer
  4968 | D:4      | Noticed Ijyb
  4993 | D:4      | Killed Ijyb
  5406 | D:5      | Entered Level 5 of the Dungeon
  5418 | D:5      | Reached skill level 1 in Armour
  5418 | D:5      | Reached XP level 8. HP: 6/56 MP: 11/11
  5740 | D:5      | Found a staircase to the Ecumenical Temple.
  5745 | Temple   | Entered the Ecumenical Temple
  5762 | Temple   | Fell from the grace of Makhleb
  5762 | Temple   | Became a worshipper of Warmaster Okawaru
  5892 | D:5      | Noticed a smoke demon
  5892 | D:5      | Noticed a smoke demon
  5902 | D:5      | Killed from afar by a smoke demon

Levels and vault maps discovered:
D:1:      evilmike_arrival_hilbert_curve, layout_basic
D:2:      layout_basic, minmay_lizard_pond
D:3:      layout_basic, serial_bayou, serial_bayou_lagoon_a,
          serial_bayou_pond_d, serial_bayou_lake_a, serial_bayou_lagoon_b,
          serial_bayou_pond_c, kennysheep_pointless_box,
          corexii_item_surrounded_by_moat
D:4:      layout_rooms, demons_altar, serial_forest, infiniplex_forest_corner_2,
          infiniplex_forest_clump_double, infiniplex_forest_clump_small,
          infiniplex_forest_clump_diagonal, infiniplex_forest_lined_corner,
          serial_shops, nicolae_shop_waterfront, gammafunk_ghost_cemetery,
          uniq_grinder, uniq_ijyb
D:5:      layout_rooms, minmay_temple_entry_glassed_door, first_ration,
          gammafunk_ghost_stat_death
Temple:   minmay_crystal_snake_temple

Skill      XL: |  1  2  3  4  5  6  7 |
---------------+----------------------+-----
Fighting       | 1 2 |  2.0
Short Blades   | 2 |  2.7
Slings         | 1 3 |  3.9
Ice Magic      | 1 2 |  2.6
Hexes          | 4 5 |  5.0
Stealth        | 4 5 |  5.0
Armour         | 1 |  1.9
Dodging        | |  2.0
Spellcasting   | |  2.0

Action                   |  1- 3 |  4- 6 |  7- 9 || total
-------------------------+-------+-------+-------++-------
Melee: Dagger            |    37 |     1 |       ||    38
       Short sword       |     8 |   191 |    18 ||   217
       Hunting sling     |       |       |     1 ||     1
 Fire: Hunting sling     |    36 |    47 |    95 ||   178
Throw: Dart              |     9 |    11 |     1 ||    21
       Stone             |       |     4 |       ||     4
 Cast: Corona            |     3 |     1 |       ||     4
       Ensorcelled Hiber |    13 |    31 |       ||    44
       Confuse           |       |     3 |     1 ||     4
  Use: Potion            |       |     4 |       ||     4
 Stab: Sleeping          |     5 |    19 |       ||    24
       Distracted        |       |     1 |       ||     1
  Eat: Chunk             |     4 |    11 |     3 ||    18
Armor: Robe              |    18 |    27 |       ||    45
       Plate armour      |       |       |    61 ||    61
Dodge: Dodged            |    47 |    69 |     1 ||   117

Table legend:
 A = Non-vault XP
 B = Vault XP
 C = Vault XP percentage of total XP
 D = Non-vault monster count
 E = Vault monster count
 F = Vault count percentage of total count
                 A         B        C        D         E       F
            +---------+---------+-------+---------+---------+-------
      Total |     752 |     442 |  37.0 |      73 |      11 |  13.1
            +---------+---------+-------+---------+---------+-------
        D:1 |      22 |       3 |  12.0 |      10 |       3 |  23.1
        D:2 |      22 |       3 |  12.0 |      10 |       3 |  23.1
        D:3 |     142 |       0 |   0.0 |      29 |       0 |   0.0
        D:4 |     340 |     436 |  56.2 |      20 |       5 |  20.0
        D:5 |     226 |       0 |   0.0 |       4 |       0 |   0.0
            +---------+---------+-------+---------+---------+-------
